 Dungeon Crawl Stone Soup version 0.31-a0-879-g1609e0ac53 (webtiles) character file.

Game seed: 17307407509855633181

18869 Newt the Protected (level 12, -18/77 HPs)
             Began as a Gargoyle Fighter on Oct 14, 2023.
             Was a Priest of Makhleb.
             Blown up by a lich (23 damage)
             ... with a wavering orb of destruction
             ... on level 2 of the Abyss.
             The game lasted 00:17:04 (15709 turns).

Newt the Protected (Gargoyle Fighter)              Turns: 15709, Time: 00:17:04

Health: -18/77     AC: 27    Str: 26      XL:     12   Next: 63%
Magic:  23/23      EV: 13    Int:  7 (11) God:    Makhleb [***...]
Gold:   1730       SH:  5    Dex:  9      Spells: 24/26 levels left

rFire   . . .        z - +2 flail (holy)
rCold   . . .        c - +0 buckler
rNeg    + . .        B - +3 chain mail
rPois   ∞            k - +1 helmet {Int+3}
rElec   +            (no cloak)
rCorr   .            (no gloves)
SInv    +            (no boots)
Will    .....        o - amulet of the acrobat Stlth
                     w - +5 ring of evasion
HPRegen 0.32/turn    u - ring of flight
MPRegen 0.18/turn

%: acrobat
@: mighty, about to teleport, flying, invisible
A: sickness immunity, AC +8, negative energy resistance 1, electricity
resistance, torment resistance 1, petrification resistance, iridescent scales 1,
see invisible, inability to read after injury 1
a: Renounce Religion, Minor Destruction, Lesser Servant of Makhleb


You were on level 2 of the Abyss.
You worshipped Makhleb.
Makhleb was most pleased with you.
You visited 2 branches of the dungeon, and saw 14 of its levels.
You visited the Abyss 1 time.

You collected 1786 gold pieces.
You spent 56 gold pieces at shops.

Inventory:

Hand Weapons
 a - a +2 whip of venom
 b - a +2 heavy mace
 e - a +0 short sword of electrocution
 m - a +0 whip of venom
 r - a +0 flail of venom
 z - a +2 flail of holy wrath (weapon)
Missiles
 y - 16 poisoned darts
 A - 5 boomerangs
 D - a throwing net
Armour
 c - a +0 buckler (worn)
 k - a +1 helmet of intelligence (worn)
 q - a +0 scale mail
 B - a +3 chain mail (worn)
Jewellery
 o - an amulet of the acrobat (around neck)
 u - a ring of flight (right hand)
 w - a +5 ring of evasion (left hand)
 x - a +6 ring of dexterity
 K - an amulet of magic regeneration
Wands
 H - a wand of quicksilver (7)
 J - a wand of charming (11)
 L - a wand of iceblast (4)
Scrolls
 g - 3 scrolls of vulnerability
 l - 3 scrolls of teleportation
 t - 3 scrolls of fog
 C - a scroll of revelation
 F - a scroll of noise
Potions
 d - a potion of might
 h - 2 potions of attraction
 i - a potion of berserk rage
 n - 2 potions of degeneration
 p - 2 potions of brilliance
 s - 2 potions of cancellation
 v - a potion of mutation
 E - a potion of lignification


   Skills:
 - Level 10.0 Fighting
 - Level 3.1 Short Blades
 - Level 7.0 Maces & Flails
 - Level 10.0 Armour
 - Level 6.0 Shields
 - Level 7.8 Spellcasting
 - Level 7.1 Transmutations
 + Level 3.6 Invocations
 - Level 6.0 Evocations


You had 24 spell levels left.
You knew the following spells:

 Your Spells              Type           Power      Damage    Failure   Level
a - Wereblood             Tmut           12%        N/A       8%          2

Your spell library contained the following spells:

 Spells                   Type           Power      Damage    Failure   Level
 Call Canine Familiar     Summ           2%         N/A       96%         3
 Inner Flame              Hex/Fire       2%         N/A       96%         3
 Sigil of Binding         Hex            2%         N/A       96%         3
 Irradiate                Conj/Tmut      3%         3d12      99%         5
 Yara's Violent Unravell  Hex/Tmut       3%         3d4       99%         5
 Animate Dead             Necr           2%         N/A       100%        4
 Dimensional Bullseye     Hex/Tloc       1%         N/A       100%        4
 Leda's Liquefaction      Hex/Erth       1%         N/A       100%        4
 Borgnjor's Vile Clutch   Necr/Erth      1%         N/A       100%        5
 Summon Forest            Summ/Tloc      1%         N/A       100%        5
 Summon Mana Viper        Hex/Summ       2%         N/A       100%        5
 Death Channel            Necr           1%         N/A       100%        6
 Summon Cactus Giant      Summ           1%         N/A       100%        6
 Enfeeble                 Hex            1%         N/A       100%        7


Dungeon Overview and Level Annotations

Branches:
Dungeon (13/15)            Temple (1/1) D:6            Lair (0/5) D:11
    Orc (0/2) D:11
 Vaults: D:13-14

Altars:
Ashenzari
Cheibriados
Dithmenos
Elyvilon
Fedhas
Gozag
Hepliaklqana
Kikubaaqudgha
Makhleb
Nemelex Xobeh
Okawaru
Qazlal
Ru
Sif Muna
Trog
Uskayaw
Vehumet
Wu Jian
Xom
Yredelemnul
Zin
The Shining One

Shops:
D:3 *   D:6 [   D:8 *   D:9 *   D:10 !

Annotations:
D:13 Erolcha


Innate Abilities, Weirdness & Mutations

You are immune to sickness and miasma.
Your stone body is resilient. (AC +8)
You are immune to poison.
You resist negative energy. (rN+)
You are resistant to electric shocks. (rElec)
You are resistant to unholy torment.
You are immune to petrification.
You are partially covered in iridescent scales. (AC +2)
You have supernaturally acute eyesight. (SInv)
You occasionally lose the ability to read scrolls when taking damage.


Message History

The lich shouts!
Something shouts, "Give up, thou bumbling flat-headed tinkerer!"
The lich mumbles some strange words.
The lich seems to speed up.
The lich gestures at you while chanting.
You barely resist.
Your extra speed is starting to run out.
The hell hound pauses to sniff the ground.
As you read the scroll of teleportation, it crumbles to dust.
You feel strangely unstable.
You feel the power of the Abyss delaying your translocation!
Unknown command.
It was a potion of invisibility.
You fade into invisibility!
The lich casts a spell.
The lich flickers and vanishes for a moment.
Unknown command.
The lich points at you and mumbles some strange words.
You barely resist.
You feel yourself slow down.
The lich conjures an orb of pure magic.
The orb of destruction hits a crystal wall.
The lich touches you but does no damage.
As you read the scroll labelled CIMIRUEDEI, it crumbles to dust.
It is a scroll of amnesia.
Okay, then.
The lich touches you!
* * * LOW HITPOINT WARNING * * *
The lich touches you!
* * * LOW HITPOINT WARNING * * *
Unknown command.
You feel very mighty all of a sudden. The lich misses you.
Unknown command.
Your +2 whip of venom stops dripping with poison.
Your +2 flail of holy wrath softly glows with a divine radiance!
z - a +2 flail of holy wrath (weapon)
The lich launches a ball of destructive magic.
The wavering orb of destruction weakly hits you!!
You die...

# . ### ##.
##.### #.##
#..#.#
#....##@..#
##.L..#L####
# ..#.4#.#
#.......#
..##... #..#
#.#....#
.#.#
#.#.##.####
#
#...#...#.#
.# ..# .##.#
# . .


You could see a lich (fast, invisible) and a chaos spawn (unable to see you).

Vanquished Creatures
  4 two-headed ogres
  A boulder beetle (D:11)
  A glowing orange brain (Abyss:2)
  A slime creature (D:13)
  An ugly thing (D:13)
  A cyclops (D:13)
  Joseph (D:8)
  Maggie (D:7)
  Psyche (D:9)
  Jeremiah (D:6)
  3 komodo dragons
  5 trolls
  2 hornets
  Grinder (D:6)
  Sigmund (D:6)
  2 wraiths
  A vampire (D:12)
  16 yaks
  Grum (D:9)
  2 basilisks
  9 vampire mosquitoes
  2 steam dragons
  Menkaure (D:6)
  4 acid dragons
  4 water moccasins
  Duvessa (D:6)
  3 black bears
  4 sky beasts
  6 orc warriors
  2 ogres
  5 wolves
  7 centaurs
  A kobold brigand (D:9)
  A gnoll sergeant (D:5)
  3 bullfrogs
  6 scorpions
  4 wights (D:9)
  Dowan (D:6)
  5 killer bees (D:8)
  3 howler monkeys
  7 electric eels
  11 hounds
  7 orc priests
  2 sleepcaps
  Jessica (D:2)
  3 iguanas
  Natasha (thrice) (D:3)
  6 orc wizards
  A mummy (D:4)
  5 gnolls
  9 adders
  2 shadow imps
  2 ufetubi (D:6)
  2 worms
  46 orcs
  9 ball pythons
  11 endoplasms
  2 giant cockroaches
  3 goblins
  11 hobgoblins
  4 quokkas
  5 bats
  3 frilled lizards
  A hobgoblin zombie (D:4)
  8 kobolds
  2 kobold zombies (D:4)
  An orc zombie (D:4)
  4 rats
290 creatures vanquished.

Vanquished Creatures (others)
  A hound (D:11)
  10 starspawn tentacles (Abyss:2)
11 creatures vanquished.

Grand Total: 301 creatures vanquished

Notes
Turn   | Place    | Note
-------+----------+-------------------------------------------
     0 | D:1      | Newt the Gargoyle Fighter began the quest for the Orb.
     0 | D:1      | Reached XP level 1. HP: 14/14 MP: 1/1
   144 | D:1      | Reached XP level 2. HP: 20/20 MP: 2/2
   148 | D:1      | You fall into a shaft and drop 1 floor!
   211 | D:2      | Reached skill level 1 in Short Blades
   444 | D:2      | Reached XP level 3. HP: 22/24 MP: 3/3
   455 | D:2      | Found a white marble altar of Elyvilon.
   662 | D:2      | Noticed Jessica
   671 | D:2      | Killed Jessica
   672 | D:2      | Reached XP level 4. HP: 29/29 MP: 4/4
  1647 | D:3      | Found Mepnika's Assorted Antiques.
  1667 | D:3      | Reached XP level 5. HP: 21/33 MP: 5/5
  1721 | D:3      | Bought a scroll labelled YRENUA GERHACSA for 28 gold pieces
  1721 | D:3      | Bought a scroll labelled YKKESI ATZETA for 28 gold pieces
  2067 | D:3      | Noticed Natasha
  2083 | D:3      | Killed Natasha
  2092 | D:3      | Noticed Natasha
  2099 | D:3      | Killed Natasha
  2100 | D:3      | Reached XP level 6. HP: 14/38 MP: 6/6
  2393 | D:3      | Noticed Natasha
  2399 | D:3      | Killed Natasha
  2913 | D:4      | Reached skill level 5 in Armour
  2950 | D:4      | Noticed an acid dragon
  2975 | D:4      | Killed an acid dragon
  2976 | D:4      | Reached XP level 7. HP: 21/43 MP: 7/7
  3603 | D:5      | Entered Level 5 of the Dungeon
  3617 | D:5      | Reached skill level 5 in Fighting
  4199 | D:5      | Reached XP level 8. HP: 40/52 MP: 8/8
  4420 | D:5      | Gained mutation: You are partially covered in iridescent
                  | scales. (AC +2) [potion of mutation]
  4420 | D:5      | Gained mutation: Armour fits poorly on your strangely
                  | shaped body. [potion of mutation]
  4422 | D:5      | Lost mutation: You are partially covered in iridescent
                  | scales. (AC +2) [potion of mutation]
  4422 | D:5      | Lost mutation: Armour fits poorly on your strangely shaped
                  | body. [potion of mutation]
  4422 | D:5      | Gained mutation: You occasionally shout uncontrollably at
                  | your foes. [potion of mutation]
  4422 | D:5      | Gained mutation: You are dopey. (Int -2) [potion of
                  | mutation]
  4423 | D:5      | Lost mutation: You are dopey. (Int -2) [potion of mutation]
  4423 | D:5      | Lost mutation: You occasionally shout uncontrollably at
                  | your foes. [potion of mutation]
  4423 | D:5      | Gained mutation: Armour fits poorly on your strangely
                  | shaped body. [potion of mutation]
  4423 | D:5      | Gained mutation: You are partially covered in iridescent
                  | scales. (AC +2) [potion of mutation]
  4423 | D:5      | Gained mutation: You have hidden genetic defects. [potion
                  | of mutation]
  4443 | D:5      | Reached skill level 5 in Shields
  4823 | D:5      | Lost mutation: You have hidden genetic defects. [potion of
                  | mutation]
  4823 | D:5      | Lost mutation: Armour fits poorly on your strangely shaped
                  | body. [potion of mutation]
  4823 | D:5      | Gained mutation: You occasionally lose the ability to read
                  | scrolls when taking damage. [potion of mutation]
  4823 | D:5      | Gained mutation: You have supernaturally acute eyesight.
                  | (SInv) [potion of mutation]
  4973 | D:6      | Noticed a hornet
  4983 | D:6      | Killed a hornet
  4984 | D:6      | Reached skill level 5 in Maces & Flails
  5140 | D:6      | Found Woiqank's Armour Shop.
  5156 | D:6      | Found a staircase to the Ecumenical Temple.
  5158 | D:6      | Noticed Menkaure
  5173 | D:6      | Killed Menkaure
  5174 | D:6      | Reached XP level 9. HP: 30/57 MP: 9/9
  5177 | Temple   | Entered the Ecumenical Temple
  5191 | Temple   | Became a worshipper of Makhleb the Destroyer
  5279 | D:6      | Noticed Grinder
  5296 | D:6      | Killed Grinder
  5505 | D:6      | Reached skill level 1 in Spellcasting
  5524 | D:6      | Reached skill level 1 in Transmutations
  5556 | D:6      | Noticed Dowan
  5559 | D:6      | Noticed Duvessa
  5561 | D:6      | Noticed Sigmund
  5580 | D:6      | Killed Duvessa
  5580 | D:6      | HP: 1/57 [Dowan/stone arrow (17)]
  5581 | D:6      | Killed Dowan
  5795 | D:6      | Killed Sigmund
  5920 | D:6      | Noticed Jeremiah
  5931 | D:6      | Killed Jeremiah
  6316 | D:7      | Found a sparkling altar of Nemelex Xobeh.
  6380 | D:7      | Noticed Maggie
  6402 | D:7      | Killed Maggie
  6402 | D:7      | Reached * piety under Makhleb
  6403 | D:7      | Reached XP level 10. HP: 26/63 MP: 16/16
  6796 | D:7      | Reached skill level 5 in Spellcasting
  6961 | D:7      | Reached skill level 5 in Transmutations
  6966 | D:7      | Found a shimmering altar of Xom.
  7133 | D:7      | Learned a level 2 spell: Wereblood
  7308 | D:8      | Noticed Joseph
  7336 | D:8      | Killed Joseph
  7413 | D:8      | Found Picqick's Practical Paraphernalia.
  7708 | D:8      | Found a sacrificial altar of Ru.
  7709 | D:8      | Found a hide-covered altar of Uskayaw.
  7713 | D:8      | Found an iron altar of Okawaru.
  8138 | D:9      | Noticed Psyche
  8152 | D:9      | Killed Psyche
  8153 | D:9      | Reached XP level 11. HP: 67/67 MP: 21/21
  8386 | D:9      | Noticed a two-headed ogre
  8417 | D:9      | Killed a two-headed ogre
  8423 | D:9      | Reached ** piety under Makhleb
  8594 | D:9      | Noticed Grum
  8659 | D:9      | HP: 2/67 [Grum/+0 spear (11)]
  8662 | D:10     | Entered Level 10 of the Dungeon
  9292 | D:9      | Killed Grum
  9621 | D:9      | Found Zin's Purification Station.
  9626 | D:9      | Found a glowing silver altar of Zin.
  9697 | D:9      | Noticed a two-headed ogre
  9697 | D:9      | Noticed a two-headed ogre
  9726 | D:9      | Killed a two-headed ogre
  9732 | D:9      | Killed a two-headed ogre
  9733 | D:9      | Reached skill level 10 in Armour
 10846 | D:10     | Found Meppy's Distillery.
 11540 | D:11     | Found a staircase to the Orcish Mines.
 11554 | D:11     | Reached *** piety under Makhleb
 11588 | D:11     | Reached XP level 12. HP: 62/76 MP: 23/23
 11972 | D:11     | Reached skill level 10 in Fighting
 11972 | D:11     | Reached skill level 1 in Evocations
 12040 | D:11     | Found a staircase to the Lair.
 12263 | D:11     | Noticed a boulder beetle
 12286 | D:11     | Killed a boulder beetle
 12985 | D:12     | Identified a scroll of acquirement
 12985 | D:12     | Acquired 1071 gold pieces
 13459 | D:12     | Noticed a two-headed ogre
 13472 | D:12     | Killed a two-headed ogre
 14499 | D:13     | Reached skill level 5 in Evocations
 15139 | D:13     | Reached skill level 1 in Invocations
 15466 | D:13     | Noticed Erolcha
 15467 | Abyss:2  | Cast into level 2 of the Abyss (Erolcha)
 15473 | Abyss:2  | Found a corrupted altar of Lugonu.
 15491 | Abyss:2  | Found an iron altar of Okawaru.
 15496 | Abyss:2  | Found an iron altar of Okawaru.
 15496 | Abyss:2  | Found an iron altar of Okawaru.
 15535 | Abyss:2  | Noticed a tentacled starspawn
 15574 | Abyss:2  | Noticed a tentacled starspawn
 15588 | Abyss:2  | Noticed a starcursed mass
 15613 | Abyss:2  | Found a shimmering blue altar of Sif Muna.
 15639 | Abyss:2  | Noticed a starcursed mass
 15643 | Abyss:2  | Noticed a deep elf sorcerer
 15655 | Abyss:2  | Noticed a rakshasa
 15663 | Abyss:2  | Noticed a starcursed mass
 15690 | Abyss:2  | Noticed a lich
 15709 | Abyss:2  | Blown up by a lich

Illustrated notes

Levels and vault maps discovered:
D:1:      erik_arrival_blinker_ship, layout_loops_corners
D:2:      layout_rooms, basic_altar, uniq_jessica
D:3:      layout_rooms, serial_shops, nicolae_shop_overgrown_old_shop,
          hangedman_decor_growths, amcnicky_mini_rare_corridor_liquid,
          nrook_uturn, dreamdust_princess_bridge, uniq_natasha
D:4:      layout_cave_pods, minmay_mini_ossuary
D:5:      layout_loops_cross
D:6:      layout_gridville, minmay_temple_entry_stoned_glass, serial_shops,
          shop, kennysheep_pointless_box, minmay_strange_pillars,
          hangedman_decor_peaks_small, st_stairs_12, uniq_duvessa, uniq_sigmund,
          uniq_jeremiah, uniq_grinder, uniq_menkaure
D:7:      layout_basic, marbit_many_paths, nemelex_spade_bored_becter,
          uniq_maggie
D:8:      layout_rooms, grunt_temple_overflow_open, grunt_ministairs_13,
          kennysheep_donut, nicolae_alphabet_shops, uniq_joseph
D:9:      layout_cave_pods, zin_purify, uniq_psyche, uniq_grum
D:10:     layout_basic, serial_shops, nicolae_square_shop
D:11:     layout_basic, erik_lair_island, orc_0_dummy
D:12:     layout_cave_pods, serial_column_ruins, column_ruins_courtyard_long,
          column_ruins_corridor_plus, column_ruins_columns_corner,
          column_ruins_corridor_straight, evilmike_butchery
D:13:     layout_roguey, erik_vaults_1, uniq_erolcha
Temple:   nicolae_temple_slightly_damp_pantheon
Abyss:2:  base: Temple, minivault_20

Skill      XL: |  1  2  3  4  5  6  7  8  9 10 11 12 |
---------------+-------------------------------------+-----
Fighting       | 4 6 7 9 10 | 10.0
Short Blades   | 1 2 3 |  3.1
Maces & Flails | 4 6 7 |  7.0
Armour         | 6 10 | 10.0
Shields        | 6 |  6.0
Spellcasting   | 4 7 |  7.8
Transmutations | 4 6 7 |  7.1
Evocations     | 6 |  6.0
Invocations    | 3 |  3.6

Action                     |  1- 3 |  4- 6 |  7- 9 | 10-12 || total
---------------------------+-------+-------+-------+-------++-------
  Melee: Short sword       |    96 |    42 |       |       ||   138
         Flail             |     1 |   180 |    45 |    33 ||   259
         Whip              |       |       |   303 |   958 ||  1261
         Mace              |       |       |     2 |       ||     2
   Cast: Wereblood         |       |       |       |    14 ||    14
  Evoke: Wand              |       |       |       |     3 ||     3
    Use: Scroll            |       |     8 |     5 |    10 ||    23
         Potion            |       |       |     7 |     8 ||    15
 Armour: Scale mail        |    70 |   209 |   238 |    28 ||   545
         Chain mail        |       |       |       |   648 ||   648
         Skin              |       |       |       |     2 ||     2
  Dodge: Dodged            |    53 |   132 |   135 |   537 ||   857
  Block: Buckler           |     9 |    57 |    60 |   208 ||   334

Table legend: (Time is in decaauts)
 A = Elapsed time spent in this place.
 B = Non-inter-level travel time spent in this place.
 C = Inter-level travel time spent in this place.
 D = Time resting spent in this place.
 E = Time spent auto-exploring this place.
 F = Levels seen in this place.
 G = Mean time per level.
                   A        B        C        D        E       F      G
               +--------+--------+--------+--------+--------+-----+--------+
         Total |  15460 |  15013 |    447 |   3472 |   8959 |  15 | 1030.7 |
       Dungeon |  15236 |  14816 |    420 |   3472 |   8959 |  13 | 1172.0 |
        Temple |     28 |      1 |     27 |      0 |      0 |   1 |   28.0 |
         Abyss |    195 |    195 |      0 |      0 |      0 |   1 |  195.0 |
               +--------+--------+--------+--------+--------+-----+--------+

Top non-repeatable levels by time:
    D:10: 1862 daAuts
     D:9: 1459 daAuts
    D:12: 1443 daAuts
    D:11: 1402 daAuts
     D:4: 1344 daAuts
     D:7: 1145 daAuts
     D:5: 1116 daAuts
     D:3: 1069 daAuts
    D:13: 1010 daAuts
     D:6: 928 daAuts
     D:1: 874 daAuts
     D:8: 801 daAuts
     D:2: 780 daAuts
 Abyss:2: 195 daAuts
  Temple: 28 daAuts
